AoeStats
← _BeTo_

Arabian Desert

510701765Analyzed
1v1 RM · 9h ago on Oct 2, 2026· 38m 24s· 2 players
Game mode
Random Map
Map size
Tiny (2 player)
Population
200
Speed
Normal
Resources
Standard
Victory
Conquest
Starting age
Dark Age
Ending age
Imperial Age
RankedLock teamsTeams togetherTeam positionsShared explorationLock speedFull tech treeHidden civsTurbo modeCheats
Victory
Defeat
🇲🇽 Burmese · Mexico
1680
+15
🇨🇦 Cumans · Canada
1649
-15
AnTeK
6:06 Loom
8:50 Feudal Age
9:32 Double-Bit Axe
9:33 Horse Collar
19:03 Fletching
24:50 Castle Age
25:06 Wheelbarrow
24:43 Scale Mail Armor
25:13 Elite Skirmisher
25:15 Pikeman
26:46 Bodkin Arrow
28:44 Bloodlines
30:09 Squires
30:45 Bow Saw
30:39 Heavy Plow
31:20 Scale Barding Armor
33:32 Town Watch
34:16 Chain Barding Armor
35:53 Ballistics
_BeTo_
7:24 Loom
9:28 Feudal Age
9:44 Man-at-Arms
12:38 Horse Collar
17:41 Wheelbarrow
20:29 Castle Age
18:38 Scale Mail Armor
20:52 Bloodlines
21:49 Scale Barding Armor
22:28 Husbandry
24:17 Chain Barding Armor
27:26 Long Swordsman
28:22 Chain Mail Armor
28:42 Squires
28:46 Gambesons
28:57 Pikeman
32:50 Forging
34:45 Iron Casting
35:01 Fletching
35:45 Town Watch
Connection lost

Rejoining the realm…

Still unreachable

The connection could not be restored.

Session expired

The server has moved on; the page needs a fresh start.